[ AOE2 MATCH · #508373791 ]
UnrankedItalians vs Khmer
[ REPLAY ANALYSIS · EXTRACTED FROM THE RECORDED GAME ]
Feudal
11:18
Castle
16:03
Imperial
22:58
| APM avg | 33.3 |
| APM peak | 58 |
| eAPM avg | 22.2 |
| Villagers / military | 95 / 58 |
Focus
⚔️ 35.1% · 🌾 64.9%
Genoese Crossbowman ×43 · Fishing Ship ×32 · Unknown (2626) ×8 · Bombard Cannon ×4 · Galley ×3 · Hand Cannoneer ×3
Feudal
10:37
Castle
13:42
Imperial
—
| APM avg | 34.9 |
| APM peak | 79 |
| eAPM avg | 14.1 |
| Villagers / military | 44 / 48 |
Focus
⚔️ 28.2% · 🌾 71.8%
Knight ×44 · Fishing Ship ×4 · Scout Cavalry ×4
Feudal
12:13
Castle
21:35
Imperial
28:32
| APM avg | 15.7 |
| APM peak | 43 |
| eAPM avg | 8.9 |
| Villagers / military | 46 / 32 |
Focus
⚔️ 33.9% · 🌾 66.1%
Fire Galley ×30 · Fishing Ship ×23 · Trebuchet (Packed) ×1 · Genoese Crossbowman ×1
Feudal
11:14
Castle
17:27
Imperial
—
| APM avg | 43.2 |
| APM peak | 112 |
| eAPM avg | 28.2 |
| Villagers / military | 70 / 60 |
Focus
⚔️ 67.4% · 🌾 32.6%
Knight ×33 · Camel Scout ×21 · Fishing Ship ×7 · Monk ×6
Feudal
10:00
Castle
22:35
Imperial
—
| APM avg | 23.9 |
| APM peak | 38 |
| eAPM avg | 12.6 |
| Villagers / military | 59 / 31 |
Focus
⚔️ 32.0% · 🌾 68.0%
Unknown (2626) ×26 · Fishing Ship ×23 · Skirmisher ×17 · Mangonel ×14
Feudal
12:28
Castle
20:10
Imperial
—
| APM avg | 32.1 |
| APM peak | 89 |
| eAPM avg | 17.8 |
| Villagers / military | 107 / 95 |
Focus
⚔️ 19.7% · 🌾 80.3%
Fire Lancer ×87 · Unknown (2626) ×19 · Fishing Ship ×10 · Battering Ram ×7 · Monk ×1
Feudal
15:19
Castle
19:14
Imperial
—
| APM avg | 56.7 |
| APM peak | 101 |
| eAPM avg | 28.9 |
| Villagers / military | 86 / 113 |
Focus
⚔️ 35.1% · 🌾 64.9%
Eagle Scout ×105 · Fishing Ship ×16 · Spearman ×8 · Unknown (2626) ×4
Feudal
10:35
Castle
14:19
Imperial
—
| APM avg | 53.8 |
| APM peak | 94 |
| eAPM avg | 28.2 |
| Villagers / military | 55 / 55 |
Focus
⚔️ 23.1% · 🌾 76.9%
Archer ×46 · Fishing Ship ×8 · Mangonel ×4 · Monk ×2 · Battering Ram ×2 · Scorpion ×1
Match map
Initial resources + every placement click. Lines = walls · curves = elevation contours. ◆ gold · ⬟ stone · ● berries · ✦ relic · ◌ wall gap
Your base· Open — opponent sealed themselves in
勇敢牛牛's base· ✓ Map-separated
明征北大将军's base· ✓ Map-separated
Dadagama's base· ✓ Map-separated
VN_BILL's base· ✓ Map-separated
Milongo's base· ✓ Map-separated
FakerMarTin's base· ✓ Closed at 19:14 · 35t walls · 1 gate(s)
.Bast's base· ✓ Map-separated
Smoothed initial terrain · ◌ = detected wall gap · hover for details
Inputs per minute
— El Wicho - - 勇敢牛牛
Build order — El Wicho
First 150 of 323 actions detected
| 0:29 | Build | Dock |
| 1:34 | Build | Town Center |
| 1:44 | Queue | Fishing Ship |
| 1:48 | Build | House |
| 1:49 | Build | House |
| 2:28 | Build | House |
| 2:34 | Queue | Villager (Male) |
| 2:34 | Queue | Villager (Male) |
| 2:34 | Queue | Villager (Male) |
| 2:35 | Queue | Villager (Male) |
| 2:35 | Queue | Villager (Male) |
| 3:13 | Queue | Fishing Ship |
| 3:32 | Queue | Fishing Ship |
| 3:33 | Queue | Fishing Ship |
| 3:37 | Queue | Villager (Male) |
| 3:37 | Queue | Villager (Male) |
| 3:57 | Research | Loom |
| 4:05 | Queue | Fishing Ship |
| 4:27 | Build | Dock |
| 4:34 | Queue | Villager (Male) |
| 4:35 | Queue | Villager (Male) |
| 4:37 | Research | Loom |
| 4:40 | Queue | Fishing Ship |
| 4:40 | Queue | Fishing Ship |
| 4:59 | Queue | Fishing Ship |
| 5:00 | Queue | Fishing Ship |
| 5:08 | Queue | Fishing Ship |
| 5:09 | Queue | Fishing Ship |
| 5:15 | Queue | Villager (Male) |
| 5:20 | Queue | Fishing Ship |
| 5:20 | Queue | Fishing Ship |
| 5:20 | Queue | Fishing Ship |
| 5:23 | Build | House |
| 5:27 | Build | House |
| 5:58 | Build | Palisade Wall |
| 6:11 | Queue | Villager (Male) |
| 6:11 | Queue | Villager (Male) |
| 6:13 | Queue | Fishing Ship |
| 6:13 | Queue | Fishing Ship |
| 6:14 | Queue | Fishing Ship |
| 6:14 | Queue | Fishing Ship |
| 6:29 | Queue | Villager (Male) |
| 6:29 | Queue | Villager (Male) |
| 6:31 | Queue | Fishing Ship |
| 6:32 | Queue | Fishing Ship |
| 7:19 | Queue | Villager (Male) |
| 7:20 | Queue | Fishing Ship |
| 7:21 | Queue | Fishing Ship |
| 7:26 | Build | House |
| 7:35 | Queue | Fishing Ship |
| 7:38 | Queue | Villager (Male) |
| 7:54 | Queue | Fishing Ship |
| 8:16 | Build | Dock |
| 8:18 | Queue | Villager (Male) |
| 8:19 | Queue | Villager (Male) |
| 8:35 | Queue | Villager (Male) |
| 8:47 | Build | House |
| 9:00 | Research | Feudal Age |
| 9:00 | Research | Feudal Age |
| 9:12 | Queue | Fishing Ship |
| 9:17 | Build | House |
| 9:18 | Build | House |
| 9:21 | Build | House |
| 9:22 | Queue | Fishing Ship |
| 9:26 | Queue | Fishing Ship |
| 9:26 | Queue | Fishing Ship |
| 9:52 | Queue | Fishing Ship |
| 9:56 | Build | House |
| 10:01 | Build | House |
| 10:23 | Build | Mining Camp |
| 10:29 | Queue | Villager (Male) |
| 10:32 | Queue | Villager (Male) |
| 10:38 | Queue | Villager (Male) |
| 10:48 | Queue | Villager (Male) |
| 10:52 | Queue | Fishing Ship |
| 10:52 | Queue | Fishing Ship |
| 10:52 | Queue | Fishing Ship |
| 11:18 | Age | Feudal Age |
| 11:22 | Build | Mill |
| 11:24 | Queue | Villager (Male) |
| 11:32 | Build | Lumber Camp |
| 11:50 | Research | Double-Bit Axe |
| 11:51 | Research | Double-Bit Axe |
| 12:15 | Queue | Villager (Male) |
| 12:28 | Build | Market |
| 12:30 | Queue | Villager (Male) |
| 12:41 | Queue | Villager (Male) |
| 12:52 | Build | Blacksmith |
| 13:13 | Research | Tech 906 |
| 13:22 | Research | Castle Age |
| 13:22 | Research | Castle Age |
| 13:28 | Queue | Demolition Raft |
| 13:53 | Queue | Demolition Raft |
| 13:53 | Queue | Demolition Raft |
| 13:55 | Queue | Unit 2626 ×2 |
| 13:58 | Queue | Villager (Male) |
| 14:00 | Queue | Villager (Male) |
| 14:57 | Queue | Unit 2626 |
| 14:57 | Queue | Unit 2626 |
| 15:07 | Research | Fletching |
| 15:07 | Research | Fletching |
| 15:36 | Queue | Villager (Male) |
| 15:45 | Queue | Villager (Male) |
| 16:03 | Age | Castle Age |
| 16:05 | Research | Gillnets |
| 16:06 | Research | War Galley (upgrade) |
| 16:07 | Research | War Galley (upgrade) |
| 16:08 | Queue | Unit 2626 |
| 16:08 | Queue | Unit 2626 |
| 16:15 | Build | Dock |
| 16:21 | Queue | Villager (Male) |
| 16:41 | Queue | Villager (Male) |
| 16:48 | Build | Town Center |
| 16:50 | Queue | Villager (Male) |
| 16:54 | Build | Lumber Camp |
| 16:55 | Queue | Villager (Male) |
| 16:58 | Research | Horse Collar |
| 17:00 | Build | Farm |
| 17:00 | Build | Farm |
| 17:01 | Build | Farm |
| 17:01 | Build | Farm |
| 17:01 | Build | Farm |
| 17:03 | Queue | Villager (Male) |
| 17:13 | Build | Lumber Camp |
| 17:19 | Research | Tech 905 |
| 17:20 | Research | Tech 905 |
| 17:22 | Queue | Villager (Male) |
| 17:30 | Research | Bow Saw |
| 17:30 | Research | Bow Saw |
| 17:31 | Queue | Villager (Male) |
| 17:39 | Queue | Monk |
| 18:05 | Research | War Galley (upgrade) |
| 18:07 | Queue | Unit 2626 |
| 18:07 | Queue | Unit 2626 |
| 18:11 | Queue | Villager (Male) |
| 18:12 | Queue | Villager (Male) |
| 18:14 | Queue | Villager (Male) |
| 18:28 | Build | House |
| 18:29 | Build | House |
| 18:29 | Build | House |
| 18:30 | Build | House |
| 18:30 | Build | House |
| 18:30 | Build | House |
| 19:07 | Build | University |
| 19:10 | Queue | Villager (Male) |
| 19:17 | Build | Farm |
| 19:18 | Build | Farm |
| 19:22 | Build | Farm |
| 19:29 | Queue | Villager (Male) |
| 19:30 | Queue | Villager (Male) |
Build order — 勇敢牛牛
First 150 of 159 actions detected
| 0:42 | Build | House |
| 0:43 | Build | House |
| 1:29 | Build | Dock |
| 2:18 | Queue | Fishing Ship |
| 2:43 | Queue | Fishing Ship |
| 3:51 | Build | Town Center |
| 4:06 | Queue | Fishing Ship |
| 5:07 | Queue | Villager (Male) |
| 5:07 | Queue | Villager (Male) |
| 5:08 | Queue | Villager (Male) |
| 5:48 | Queue | Villager (Male) |
| 5:56 | Queue | Fishing Ship |
| 6:16 | Queue | Villager (Male) |
| 6:25 | Build | House |
| 6:58 | Build | House |
| 7:00 | Build | House |
| 7:08 | Queue | Villager (Male) |
| 7:27 | Queue | Villager (Male) |
| 7:59 | Queue | Villager (Male) |
| 8:22 | Research | Feudal Age |
| 10:06 | Queue | Villager (Male) |
| 10:33 | Queue | Villager (Male) |
| 10:37 | Age | Feudal Age |
| 10:54 | Research | Castle Age |
| 11:28 | Build | Stable |
| 11:54 | Research | Double-Bit Axe |
| 12:46 | Build | Lumber Camp |
| 13:05 | Build | Mining Camp |
| 13:42 | Age | Castle Age |
| 13:45 | Queue | Villager (Male) |
| 13:48 | Research | Bow Saw |
| 13:51 | Research | Husbandry |
| 14:32 | Queue | Villager (Male) |
| 14:33 | Queue | Villager (Male) |
| 14:44 | Queue | Villager (Male) |
| 14:45 | Queue | Knight |
| 14:54 | Queue | Villager (Male) |
| 15:06 | Build | Farm |
| 15:43 | Queue | Villager (Male) |
| 15:52 | Queue | Knight |
| 15:53 | Queue | Knight |
| 16:02 | Build | Farm |
| 16:04 | Build | Farm |
| 16:05 | Build | Farm |
| 16:35 | Queue | Villager (Male) |
| 16:45 | Build | Farm |
| 16:48 | Build | Farm |
| 16:49 | Build | Farm |
| 17:04 | Build | Farm |
| 17:05 | Queue | Villager (Male) |
| 17:05 | Queue | Villager (Male) |
| 17:07 | Queue | Knight |
| 17:07 | Queue | Knight |
| 17:42 | Queue | Villager (Male) |
| 17:44 | Build | Farm |
| 17:46 | Queue | Villager (Male) |
| 17:46 | Queue | Knight |
| 18:01 | Queue | Knight |
| 18:05 | Queue | Villager (Male) |
| 18:20 | Build | Farm |
| 18:21 | Build | Farm |
| 18:24 | Build | Farm |
| 18:27 | Build | Farm |
| 18:28 | Queue | Villager (Male) |
| 18:33 | Queue | Knight |
| 18:50 | Build | Farm |
| 19:01 | Queue | Villager (Male) |
| 19:02 | Queue | Knight |
| 19:32 | Build | House |
| 19:33 | Build | House |
| 19:34 | Build | House |
| 19:55 | Queue | Knight |
| 20:03 | Research | Wheelbarrow |
| 20:04 | Queue | Villager (Male) |
| 20:15 | Queue | Knight |
| 20:22 | Queue | Knight |
| 20:28 | Queue | Villager (Male) |
| 20:30 | Queue | Knight |
| 21:07 | Queue | Knight |
| 21:08 | Queue | Villager (Male) |
| 21:52 | Queue | Knight |
| 21:55 | Queue | Villager (Male) |
| 22:17 | Build | Stable |
| 22:19 | Queue | Knight |
| 22:25 | Queue | Scout Cavalry |
| 22:25 | Queue | Scout Cavalry |
| 22:41 | Queue | Knight |
| 22:43 | Queue | Villager (Male) |
| 22:58 | Queue | Knight |
| 23:09 | Queue | Knight |
| 23:23 | Build | Watch Tower |
| 23:25 | Queue | Knight |
| 23:47 | Research | Loom |
| 24:11 | Queue | Scout Cavalry |
| 24:22 | Queue | Knight |
| 24:26 | Queue | Scout Cavalry |
| 24:38 | Queue | Villager (Male) |
| 24:55 | Queue | Villager (Male) |
| 25:12 | Build | Mining Camp |
| 25:14 | Queue | Villager (Male) |
| 25:17 | Queue | Knight |
| 25:17 | Queue | Knight |
| 25:20 | Build | Stable |
| 25:22 | Queue | Knight |
| 25:24 | Queue | Villager (Male) |
| 25:25 | Queue | Knight |
| 25:29 | Queue | Villager (Male) |
| 25:31 | Research | Gold Mining |
| 25:36 | Build | Lumber Camp |
| 25:47 | Build | Blacksmith |
| 25:51 | Queue | Knight |
| 26:04 | Queue | Villager (Male) |
| 26:11 | Build | Farm |
| 26:12 | Build | Farm |
| 26:13 | Build | Farm |
| 26:13 | Build | Farm |
| 26:15 | Queue | Knight |
| 26:27 | Queue | Villager (Male) |
| 26:36 | Build | Farm |
| 26:52 | Research | Bloodlines |
| 26:52 | Research | Bloodlines |
| 26:56 | Build | House |
| 27:29 | Queue | Villager (Male) |
| 27:30 | Queue | Knight |
| 27:31 | Queue | Knight |
| 27:48 | Queue | Knight |
| 27:54 | Build | Farm |
| 27:55 | Queue | Villager (Male) |
| 28:08 | Queue | Knight |
| 28:08 | Queue | Knight |
| 28:13 | Queue | Knight |
| 28:17 | Build | Farm |
| 28:22 | Queue | Villager (Male) |
| 28:22 | Queue | Villager (Male) |
| 28:35 | Queue | Knight |
| 28:42 | Build | House |
| 28:43 | Build | House |
| 28:43 | Build | House |
| 28:44 | Build | House |
| 28:44 | Build | House |
| 29:14 | Queue | Knight |
| 29:15 | Queue | Knight |
| 29:15 | Queue | Knight |
| 29:48 | Queue | Knight |
| 30:00 | Queue | Knight |
| 30:03 | Queue | Villager (Male) |
| 30:14 | Build | Mining Camp |
| 30:30 | Queue | Villager (Male) |
| 30:32 | Queue | Villager (Male) |
| 30:45 | Queue | Knight |
Build order — 明征北大将军
142 actions detected in the replay
| 0:14 | Build | House |
| 0:55 | Build | Dock |
| 2:41 | Build | Town Center |
| 3:29 | Queue | Villager (Male) |
| 3:29 | Queue | Villager (Male) |
| 3:30 | Queue | Villager (Male) |
| 4:03 | Queue | Villager (Male) |
| 4:29 | Build | House |
| 4:56 | Build | Lumber Camp |
| 5:20 | Research | Loom |
| 5:20 | Queue | Villager (Male) |
| 5:43 | Queue | Fishing Ship |
| 5:58 | Queue | Villager (Male) |
| 6:19 | Build | House |
| 6:42 | Queue | Villager (Male) |
| 7:04 | Build | Outpost |
| 7:07 | Queue | Villager (Male) |
| 7:09 | Queue | Villager (Male) |
| 7:13 | Queue | Villager (Male) |
| 7:17 | Queue | Fishing Ship |
| 7:37 | Build | House |
| 7:52 | Queue | Villager (Male) |
| 7:55 | Queue | Fishing Ship |
| 8:00 | Build | House |
| 8:02 | Build | Palisade Wall |
| 8:02 | Build | Palisade Wall |
| 8:17 | Queue | Fishing Ship |
| 8:44 | Queue | Villager (Male) |
| 8:54 | Build | Mill |
| 8:56 | Queue | Villager (Male) |
| 9:17 | Queue | Fishing Ship |
| 9:30 | Queue | Villager (Male) |
| 10:02 | Research | Feudal Age |
| 10:20 | Queue | Villager (Male) |
| 10:24 | Queue | Villager (Male) |
| 10:45 | Build | Dock |
| 10:53 | Build | Dock |
| 11:34 | Queue | Villager (Male) |
| 11:45 | Build | House |
| 11:47 | Build | House |
| 11:48 | Build | House |
| 12:13 | Age | Feudal Age |
| 12:14 | Queue | Fire Galley |
| 12:15 | Queue | Fire Galley |
| 12:17 | Queue | Fire Galley |
| 12:46 | Research | Double-Bit Axe |
| 13:02 | Research | Horse Collar |
| 13:07 | Queue | Fire Galley |
| 13:08 | Queue | Fire Galley |
| 13:27 | Queue | Fire Galley |
| 13:27 | Queue | Fire Galley |
| 13:42 | Queue | Fire Galley |
| 13:42 | Queue | Fire Galley |
| 13:43 | Queue | Villager (Male) |
| 13:43 | Queue | Villager (Male) |
| 14:02 | Build | House |
| 14:16 | Queue | Fire Galley |
| 14:18 | Queue | Fire Galley |
| 14:24 | Queue | Villager (Male) |
| 14:30 | Build | House |
| 14:33 | Build | Palisade Wall |
| 14:56 | Queue | Fire Galley |
| 14:57 | Queue | Fire Galley |
| 14:58 | Queue | Villager (Male) |
| 14:59 | Queue | Villager (Male) |
| 15:07 | Queue | Villager (Male) |
| 15:47 | Queue | Fire Galley ×3 |
| 16:05 | Queue | Villager (Male) |
| 16:13 | Build | Blacksmith |
| 16:34 | Build | Watch Tower |
| 16:37 | Build | Palisade Wall |
| 16:38 | Build | Palisade Wall |
| 16:41 | Build | Palisade Wall |
| 16:44 | Build | Palisade Wall |
| 16:59 | Queue | Villager (Male) |
| 16:59 | Queue | Villager (Male) |
| 17:34 | Queue | Villager (Male) |
| 17:37 | Queue | Fire Galley |
| 17:37 | Queue | Fire Galley |
| 17:37 | Queue | Fire Galley |
| 17:38 | Queue | Fire Galley |
| 17:46 | Build | Market |
| 17:51 | Queue | Villager (Male) |
| 18:55 | Research | Castle Age |
| 19:18 | Research | Town Watch |
| 19:20 | Research | Wheelbarrow |
| 19:30 | Build | Mining Camp |
| 20:07 | Queue | Fishing Ship ×5 |
| 21:12 | Build | Dock |
| 21:17 | Build | House |
| 21:18 | Build | House |
| 21:19 | Build | House |
| 21:35 | Age | Castle Age |
| 21:40 | Research | War Galley (upgrade) |
| 21:54 | Queue | Fire Galley ×5 |
| 22:21 | Build | House |
| 22:22 | Build | House |
| 22:23 | Queue | Villager (Male) |
| 22:44 | Build | Town Center |
| 23:29 | Build | House |
| 23:29 | Build | House |
| 23:30 | Queue | Villager (Male) |
| 23:52 | Build | University |
| 24:02 | Queue | Fire Galley ×5 |
| 24:19 | Build | Stone Wall |
| 24:21 | Build | Stone Wall |
| 24:33 | Build | House |
| 24:43 | Queue | Villager (Male) |
| 24:54 | Build | Monastery |
| 25:02 | Queue | Fishing Ship |
| 25:22 | Research | Imperial Age |
| 25:37 | Build | Lumber Camp |
| 26:02 | Build | Lumber Camp |
| 27:12 | Build | Lumber Camp |
| 27:50 | Queue | Villager (Male) |
| 28:04 | Build | Town Center |
| 28:05 | Queue | Villager (Male) |
| 28:06 | Queue | Villager (Male) |
| 28:30 | Queue | Fishing Ship ×2 |
| 28:32 | Age | Imperial Age |
| 28:39 | Build | House |
| 29:03 | Queue | Villager (Male) |
| 29:03 | Queue | Villager (Male) |
| 29:05 | Queue | Villager (Male) |
| 29:29 | Build | Castle |
| 29:50 | Research | Bow Saw |
| 30:00 | Queue | Villager (Male) |
| 30:11 | Queue | Villager (Male) |
| 30:11 | Queue | Villager (Male) |
| 30:16 | Queue | Villager (Male) |
| 30:17 | Queue | Villager (Male) |
| 30:24 | Research | Galleon (upgrade) |
| 30:26 | Queue | Fishing Ship ×5 |
| 30:46 | Queue | Villager (Male) |
| 30:49 | Queue | Genoese Crossbowman |
| 30:53 | Queue | Trebuchet (Packed) |
| 30:56 | Build | Mining Camp |
| 31:27 | Queue | Villager (Male) |
| 31:28 | Queue | Villager (Male) |
| 31:28 | Queue | Villager (Male) |
| 32:28 | Queue | Fishing Ship ×5 |
| 33:18 | Build | Siege Workshop |
Build order — Dadagama
First 150 of 199 actions detected
| 0:08 | Build | House |
| 0:10 | Build | House |
| 0:51 | Build | Dock |
| 1:42 | Build | Town Center |
| 2:41 | Queue | Villager (Male) ×5 |
| 2:46 | Queue | Fishing Ship |
| 3:14 | Queue | Fishing Ship |
| 3:41 | Build | Mill |
| 4:12 | Queue | Fishing Ship |
| 4:12 | Queue | Fishing Ship |
| 4:33 | Queue | Fishing Ship |
| 4:40 | Build | House |
| 4:45 | Research | Loom |
| 4:52 | Queue | Fishing Ship |
| 5:16 | Queue | Villager (Male) |
| 5:16 | Queue | Villager (Male) |
| 5:22 | Build | House |
| 5:42 | Queue | Villager (Male) |
| 5:42 | Queue | Villager (Male) |
| 6:14 | Queue | Villager (Male) |
| 6:14 | Queue | Villager (Male) |
| 6:25 | Build | Lumber Camp |
| 6:34 | Queue | Villager (Male) |
| 6:35 | Queue | Villager (Male) |
| 7:12 | Queue | Villager (Male) |
| 7:12 | Queue | Villager (Male) |
| 7:46 | Build | House |
| 8:08 | Queue | Villager (Male) |
| 8:15 | Queue | Fishing Ship |
| 8:37 | Queue | Villager (Male) |
| 9:10 | Research | Feudal Age |
| 9:10 | Research | Feudal Age |
| 9:28 | Build | Barracks |
| 9:50 | Build | Farm |
| 9:53 | Build | Farm |
| 10:02 | Build | Farm |
| 10:04 | Queue | Villager (Male) |
| 10:04 | Queue | Villager (Male) |
| 10:04 | Queue | Villager (Male) |
| 10:39 | Build | Palisade Wall |
| 10:50 | Build | Palisade Wall |
| 11:05 | Build | Palisade Wall |
| 11:09 | Build | Palisade Wall |
| 11:14 | Age | Feudal Age |
| 11:29 | Build | Palisade Wall |
| 11:40 | Build | Palisade Wall |
| 11:44 | Build | House |
| 11:45 | Queue | Villager (Male) |
| 11:45 | Queue | Villager (Male) |
| 11:53 | Build | Farm |
| 11:56 | Build | Farm |
| 12:01 | Build | Farm |
| 12:04 | Queue | Villager (Male) |
| 12:06 | Build | Farm |
| 12:17 | Build | Palisade Wall |
| 12:20 | Build | Palisade Wall |
| 12:21 | Build | Palisade Wall |
| 12:35 | Build | House |
| 12:42 | Build | Palisade Wall |
| 12:45 | Build | Palisade Wall |
| 12:47 | Queue | Villager (Male) |
| 12:47 | Queue | Villager (Male) |
| 12:53 | Build | Farm |
| 12:56 | Build | Farm |
| 13:00 | Research | Horse Collar |
| 13:03 | Research | Double-Bit Axe |
| 13:18 | Build | Palisade Wall |
| 13:33 | Queue | Villager (Male) |
| 13:34 | Queue | Villager (Male) |
| 13:45 | Queue | Villager (Male) |
| 13:45 | Queue | Villager (Male) |
| 13:46 | Queue | Villager (Male) |
| 13:53 | Build | Market |
| 13:58 | Build | Blacksmith |
| 14:00 | Build | House |
| 14:02 | Build | House |
| 14:19 | Build | Stone Wall |
| 14:29 | Build | Mining Camp |
| 14:47 | Build | House |
| 14:56 | Build | House |
| 14:57 | Research | Castle Age |
| 15:04 | Build | Palisade Wall |
| 15:10 | Build | Palisade Gate |
| 15:16 | Build | House |
| 15:22 | Build | House |
| 15:40 | Build | Palisade Gate |
| 16:00 | Queue | Villager (Male) |
| 16:01 | Queue | Villager (Male) |
| 16:10 | Build | Stable |
| 16:25 | Queue | Villager (Male) |
| 16:26 | Queue | Villager (Male) |
| 16:36 | Build | Mining Camp |
| 16:41 | Queue | Villager (Male) |
| 16:42 | Queue | Villager (Male) |
| 17:19 | Build | House |
| 17:27 | Age | Castle Age |
| 17:35 | Queue | Camel Scout |
| 17:35 | Queue | Camel Scout |
| 18:39 | Queue | Monk |
| 18:39 | Queue | Monk |
| 18:41 | Queue | Monk |
| 18:56 | Research | Husbandry |
| 18:59 | Queue | Villager (Male) |
| 18:59 | Queue | Villager (Male) |
| 19:28 | Build | Town Center |
| 19:46 | Queue | Camel Scout |
| 19:46 | Queue | Camel Scout |
| 19:47 | Queue | Camel Scout |
| 20:10 | Queue | Villager (Male) ×5 |
| 20:17 | Build | Farm |
| 20:58 | Queue | Camel Scout |
| 20:59 | Queue | Camel Scout |
| 21:00 | Research | Light Cavalry (upgrade) |
| 21:35 | Queue | Camel Scout |
| 22:34 | Queue | Camel Scout |
| 22:34 | Queue | Camel Scout |
| 22:34 | Queue | Camel Scout |
| 22:35 | Queue | Villager (Male) ×5 |
| 22:54 | Queue | Villager (Male) ×5 |
| 22:59 | Build | House |
| 24:23 | Queue | Camel Scout |
| 24:23 | Queue | Camel Scout |
| 24:23 | Queue | Camel Scout |
| 24:29 | Queue | Monk |
| 24:30 | Queue | Monk |
| 24:30 | Queue | Monk |
| 25:02 | Build | House |
| 25:03 | Build | House |
| 25:07 | Queue | Villager (Male) ×4 |
| 25:10 | Build | Farm |
| 25:20 | Build | Town Center |
| 25:24 | Queue | Villager (Male) |
| 25:47 | Build | Siege Workshop |
| 26:28 | Research | Bloodlines |
| 26:31 | Build | Stable |
| 26:34 | Build | Stable |
| 26:37 | Build | Stable |
| 26:46 | Queue | Villager (Male) |
| 26:50 | Build | Farm |
| 26:50 | Build | Farm |
| 26:50 | Build | Farm |
| 26:50 | Build | Farm |
| 26:50 | Build | Farm |
| 26:51 | Build | Farm |
| 26:51 | Build | Farm |
| 26:51 | Build | Farm |
| 27:19 | Build | Gate |
| 27:58 | Build | Gate |
| 27:59 | Queue | Villager (Male) ×5 |
| 28:03 | Build | Farm |
Build order — VN_BILL
First 150 of 224 actions detected
| 0:19 | Build | Dock |
| 0:26 | Build | House |
| 0:28 | Build | House |
| 2:29 | Build | Town Center |
| 3:22 | Queue | Villager (Male) |
| 3:22 | Queue | Villager (Male) |
| 3:22 | Queue | Villager (Male) |
| 3:23 | Queue | Fishing Ship |
| 3:24 | Queue | Villager (Male) |
| 3:25 | Queue | Villager (Male) |
| 3:25 | Queue | Villager (Male) |
| 3:35 | Queue | Villager (Male) |
| 3:36 | Queue | Villager (Male) |
| 4:14 | Queue | Fishing Ship |
| 4:31 | Build | House |
| 4:36 | Queue | Villager (Male) |
| 4:47 | Queue | Fishing Ship |
| 4:47 | Queue | Fishing Ship |
| 4:49 | Queue | Villager (Male) |
| 4:49 | Queue | Villager (Male) |
| 5:15 | Queue | Villager (Male) |
| 5:19 | Queue | Fishing Ship |
| 5:19 | Queue | Fishing Ship |
| 5:35 | Build | House |
| 6:02 | Queue | Villager (Male) |
| 6:19 | Build | Lumber Camp |
| 6:56 | Queue | Fishing Ship |
| 7:32 | Research | Loom |
| 7:50 | Research | Feudal Age |
| 8:20 | Build | Mining Camp |
| 8:27 | Build | House |
| 8:29 | Build | Palisade Wall |
| 8:32 | Build | Palisade Wall |
| 8:47 | Build | Dock |
| 9:03 | Queue | Villager (Male) |
| 9:03 | Queue | Villager (Male) |
| 9:39 | Build | Dock |
| 9:52 | Build | House |
| 9:54 | Build | Palisade Wall |
| 10:00 | Age | Feudal Age |
| 10:05 | Queue | Villager (Male) |
| 10:05 | Queue | Villager (Male) |
| 10:07 | Research | Double-Bit Axe |
| 10:11 | Queue | Unit 2626 |
| 10:11 | Queue | Unit 2626 |
| 10:12 | Queue | Unit 2626 |
| 10:12 | Queue | Unit 2626 |
| 10:31 | Queue | Villager (Male) |
| 10:44 | Queue | Unit 2626 |
| 10:44 | Queue | Unit 2626 |
| 10:59 | Build | House |
| 11:05 | Build | House |
| 11:21 | Queue | Unit 2626 |
| 11:22 | Queue | Unit 2626 |
| 11:24 | Queue | Villager (Male) |
| 11:25 | Queue | Villager (Male) |
| 11:41 | Build | House |
| 11:42 | Build | House |
| 11:44 | Build | Palisade Wall |
| 11:55 | Queue | Villager (Male) |
| 12:03 | Queue | Unit 2626 |
| 12:03 | Queue | Unit 2626 |
| 12:03 | Queue | Unit 2626 |
| 12:14 | Build | Blacksmith |
| 12:29 | Queue | Unit 2626 |
| 12:29 | Queue | Unit 2626 |
| 12:32 | Queue | Villager (Male) |
| 12:33 | Queue | Villager (Male) |
| 13:09 | Build | House |
| 13:11 | Build | House |
| 13:13 | Research | Fletching |
| 13:22 | Build | Palisade Wall |
| 13:25 | Queue | Villager (Male) |
| 13:28 | Build | Mill |
| 13:29 | Queue | Villager (Male) |
| 13:44 | Build | Stone Wall |
| 13:54 | Build | Stone Wall |
| 14:10 | Build | Stone Wall |
| 14:22 | Research | Padded Archer Armor |
| 14:24 | Queue | Unit 2626 |
| 14:25 | Queue | Unit 2626 |
| 14:25 | Queue | Unit 2626 |
| 14:25 | Queue | Unit 2626 |
| 14:27 | Queue | Villager (Male) |
| 14:27 | Queue | Villager (Male) |
| 15:01 | Queue | Unit 2626 |
| 15:02 | Queue | Unit 2626 |
| 15:02 | Queue | Unit 2626 |
| 15:02 | Queue | Unit 2626 |
| 15:13 | Research | Horse Collar |
| 15:18 | Queue | Villager (Male) |
| 15:19 | Queue | Villager (Male) |
| 15:21 | Queue | Unit 2626 |
| 15:21 | Queue | Unit 2626 |
| 15:54 | Queue | Unit 2626 |
| 15:54 | Queue | Unit 2626 |
| 15:54 | Queue | Unit 2626 |
| 15:59 | Build | House |
| 16:06 | Build | Stone Wall |
| 16:07 | Queue | Villager (Male) |
| 16:27 | Queue | Villager (Male) |
| 16:27 | Queue | Villager (Male) |
| 16:27 | Queue | Villager (Male) |
| 16:28 | Queue | Villager (Male) |
| 16:32 | Build | Mill |
| 16:58 | Build | Market |
| 17:26 | Build | Stone Wall |
| 17:49 | Queue | Villager (Male) |
| 17:49 | Queue | Villager (Male) |
| 17:53 | Build | Barracks |
| 18:28 | Build | Lumber Camp |
| 18:33 | Build | Stone Wall |
| 18:36 | Build | Stone Wall |
| 18:42 | Build | Archery Range |
| 18:43 | Build | Archery Range |
| 18:47 | Queue | Villager (Male) |
| 18:47 | Queue | Villager (Male) |
| 19:09 | Build | Archery Range |
| 19:18 | Build | House |
| 19:19 | Build | House |
| 19:48 | Queue | Skirmisher |
| 19:48 | Queue | Skirmisher |
| 19:49 | Queue | Skirmisher |
| 19:49 | Queue | Skirmisher |
| 19:49 | Queue | Skirmisher |
| 19:51 | Research | Castle Age |
| 20:14 | Build | Lumber Camp |
| 20:21 | Build | House |
| 20:22 | Build | House |
| 21:09 | Queue | Skirmisher |
| 21:10 | Queue | Skirmisher |
| 21:10 | Queue | Skirmisher |
| 21:10 | Queue | Skirmisher |
| 21:10 | Queue | Skirmisher |
| 21:15 | Queue | Villager (Male) |
| 21:23 | Build | House |
| 21:24 | Build | House |
| 21:25 | Build | House |
| 21:56 | Queue | Skirmisher |
| 21:56 | Queue | Skirmisher |
| 21:57 | Queue | Skirmisher |
| 21:57 | Queue | Skirmisher |
| 21:57 | Queue | Skirmisher |
| 22:35 | Age | Castle Age |
| 22:48 | Queue | Skirmisher |
| 22:49 | Queue | Skirmisher |
| 23:13 | Build | Mill |
| 23:17 | Build | House |
| 23:48 | Build | Lumber Camp |
| 25:02 | Build | Stone Wall |
Build order — Milongo
First 150 of 237 actions detected
| 0:21 | Build | Dock |
| 1:41 | Build | Town Center |
| 2:36 | Queue | Fishing Ship |
| 2:40 | Build | House |
| 2:42 | Build | House |
| 2:47 | Queue | Villager (Male) |
| 2:47 | Research | Loom |
| 2:49 | Queue | Villager (Male) |
| 2:51 | Queue | Villager (Male) ×3 |
| 3:24 | Queue | Villager (Male) |
| 3:24 | Queue | Villager (Male) |
| 3:51 | Queue | Fishing Ship |
| 3:52 | Queue | Villager (Male) |
| 4:13 | Queue | Villager (Male) ×2 |
| 4:13 | Queue | Villager (Male) ×2 |
| 4:13 | Queue | Villager (Male) ×2 |
| 5:00 | Build | House |
| 5:21 | Queue | Villager (Male) |
| 5:36 | Queue | Fishing Ship |
| 5:45 | Queue | Villager (Male) |
| 5:59 | Queue | Fishing Ship |
| 6:17 | Build | Mill |
| 6:21 | Queue | Fishing Ship |
| 6:37 | Queue | Villager (Male) |
| 6:47 | Build | House |
| 6:50 | Build | House |
| 6:53 | Build | House |
| 7:02 | Build | House |
| 7:13 | Queue | Fishing Ship |
| 7:48 | Queue | Villager (Male) |
| 7:51 | Queue | Villager (Male) |
| 8:04 | Queue | Villager (Male) |
| 8:11 | Build | Mill |
| 8:15 | Build | House |
| 8:21 | Queue | Fishing Ship |
| 8:21 | Queue | Fishing Ship |
| 8:59 | Queue | Fishing Ship |
| 9:26 | Queue | Fishing Ship |
| 9:28 | Queue | Villager (Male) |
| 9:28 | Queue | Villager (Male) |
| 9:55 | Research | Feudal Age |
| 10:02 | Build | Mining Camp |
| 10:22 | Build | Dock |
| 10:24 | Build | House |
| 12:22 | Build | Lumber Camp |
| 12:24 | Queue | Villager (Male) |
| 12:25 | Queue | Villager (Male) |
| 12:28 | Age | Feudal Age |
| 12:31 | Research | Tech 906 |
| 12:33 | Queue | Unit 2626 ×2 |
| 12:35 | Queue | Villager (Male) |
| 13:08 | Queue | Unit 2626 |
| 13:12 | Queue | Villager (Male) |
| 13:43 | Queue | Unit 2626 ×2 |
| 13:45 | Queue | Villager (Male) |
| 13:49 | Research | Double-Bit Axe |
| 13:58 | Queue | Villager (Male) |
| 14:18 | Build | Mining Camp |
| 14:30 | Build | Blacksmith |
| 15:09 | Queue | Villager (Male) |
| 15:10 | Research | Town Watch |
| 15:15 | Queue | Unit 2626 ×4 |
| 16:15 | Queue | Villager (Male) |
| 16:19 | Build | Blacksmith |
| 16:24 | Build | Market |
| 16:34 | Queue | Unit 2626 ×5 |
| 16:35 | Queue | Villager (Male) |
| 16:35 | Queue | Villager (Male) |
| 16:42 | Build | House |
| 16:43 | Build | House |
| 17:14 | Research | Castle Age |
| 17:17 | Build | Barracks |
| 17:21 | Build | Dock |
| 18:04 | Build | Barracks |
| 19:01 | Queue | Villager (Male) |
| 19:04 | Queue | Villager (Male) |
| 19:30 | Queue | Unit 2626 ×5 |
| 19:53 | Build | Barracks |
| 20:10 | Age | Castle Age |
| 20:15 | Queue | Fire Lancer ×5 |
| 20:28 | Build | Monastery |
| 20:41 | Build | Palisade Wall |
| 20:43 | Build | Palisade Wall |
| 20:44 | Build | Palisade Wall |
| 20:58 | Build | Town Center |
| 21:07 | Queue | Fire Lancer |
| 21:23 | Queue | Villager (Male) |
| 21:23 | Queue | Villager (Male) |
| 21:24 | Queue | Villager (Male) |
| 21:24 | Queue | Villager (Male) |
| 21:39 | Build | Town Center |
| 21:42 | Queue | Villager (Male) |
| 21:45 | Research | Wheelbarrow |
| 22:04 | Build | Barracks |
| 22:07 | Build | Barracks |
| 22:17 | Research | Squires |
| 22:17 | Research | Arson |
| 22:19 | Queue | Villager (Male) |
| 22:19 | Queue | Villager (Male) |
| 22:38 | Queue | Villager (Male) |
| 22:58 | Queue | Monk |
| 23:13 | Build | Farm |
| 23:13 | Build | Farm |
| 23:14 | Build | Farm |
| 23:14 | Build | Farm |
| 23:14 | Build | Farm |
| 23:14 | Build | Farm |
| 23:15 | Build | Farm |
| 23:15 | Build | Farm |
| 23:15 | Build | Farm |
| 23:15 | Build | Farm |
| 23:23 | Queue | Villager (Male) |
| 23:23 | Queue | Villager (Male) |
| 23:24 | Queue | Villager (Male) |
| 24:05 | Queue | Villager (Male) |
| 24:06 | Queue | Villager (Male) |
| 24:06 | Queue | Villager (Male) |
| 24:29 | Build | Farm |
| 24:29 | Build | Farm |
| 24:30 | Build | Farm |
| 24:31 | Queue | Villager (Male) |
| 24:31 | Queue | Villager (Male) |
| 24:31 | Queue | Villager (Male) |
| 24:36 | Build | Farm |
| 24:37 | Build | Farm |
| 24:37 | Build | Farm |
| 24:37 | Build | Farm |
| 24:38 | Build | Farm |
| 24:38 | Build | Farm |
| 24:38 | Build | Farm |
| 24:39 | Build | Farm |
| 24:39 | Build | Farm |
| 24:56 | Queue | Villager (Male) |
| 24:56 | Queue | Villager (Male) |
| 25:01 | Queue | Fire Lancer ×4 |
| 25:01 | Queue | Fire Lancer ×4 |
| 25:02 | Queue | Fire Lancer ×4 |
| 25:09 | Build | House |
| 25:10 | Build | House |
| 25:13 | Build | House |
| 25:17 | Build | House |
| 25:18 | Build | House |
| 25:21 | Queue | Villager (Male) |
| 25:22 | Queue | Villager (Male) |
| 25:22 | Queue | Villager (Male) |
| 25:36 | Research | Scale Mail Armor |
| 25:37 | Research | Scale Mail Armor |
| 25:51 | Build | House |
| 25:52 | Build | House |
| 25:55 | Build | House |
Build order — FakerMarTin
First 150 of 315 actions detected
| 0:49 | Build | Palisade Wall |
| 2:00 | Build | Dock |
| 2:01 | Build | House |
| 2:02 | Build | House |
| 2:02 | Build | House |
| 3:06 | Queue | Fishing Ship |
| 3:06 | Queue | Fishing Ship |
| 3:58 | Queue | Fishing Ship |
| 4:24 | Build | Town Center |
| 4:42 | Build | House |
| 5:27 | Queue | Villager (Male) |
| 5:27 | Queue | Villager (Male) |
| 5:28 | Queue | Villager (Male) |
| 5:28 | Queue | Villager (Male) |
| 5:28 | Queue | Villager (Male) |
| 6:11 | Build | Palisade Wall |
| 6:18 | Research | Loom |
| 6:25 | Build | Palisade Wall |
| 6:28 | Build | Palisade Wall |
| 6:30 | Build | Palisade Wall |
| 6:42 | Build | Palisade Wall |
| 6:44 | Build | Palisade Wall |
| 6:51 | Queue | Fishing Ship |
| 6:53 | Queue | Villager (Male) |
| 6:54 | Queue | Villager (Male) |
| 6:54 | Queue | Villager (Male) |
| 6:54 | Queue | Villager (Male) |
| 7:20 | Queue | Villager (Male) |
| 7:20 | Queue | Villager (Male) |
| 7:20 | Queue | Villager (Male) |
| 7:38 | Queue | Villager (Male) |
| 7:38 | Queue | Villager (Male) |
| 7:38 | Queue | Villager (Male) |
| 7:53 | Queue | Fishing Ship |
| 7:54 | Queue | Fishing Ship |
| 8:16 | Build | House |
| 8:30 | Queue | Villager (Male) |
| 8:30 | Queue | Villager (Male) |
| 8:31 | Queue | Villager (Male) |
| 8:31 | Queue | Villager (Male) |
| 8:50 | Build | House |
| 8:52 | Build | House |
| 9:08 | Build | House |
| 9:11 | Queue | Villager (Male) |
| 9:12 | Queue | Villager (Male) |
| 9:42 | Build | House |
| 9:44 | Build | Palisade Wall |
| 9:46 | Build | Palisade Wall |
| 9:50 | Queue | Villager (Male) |
| 9:50 | Queue | Villager (Male) |
| 10:18 | Build | Palisade Wall |
| 10:21 | Build | Palisade Wall |
| 10:28 | Queue | Villager (Male) |
| 10:29 | Queue | Villager (Male) |
| 10:33 | Queue | Fishing Ship |
| 10:56 | Queue | Villager (Male) |
| 11:02 | Queue | Fishing Ship |
| 11:10 | Build | House |
| 11:37 | Build | Dock |
| 12:02 | Queue | Villager (Male) |
| 12:06 | Build | Lumber Camp |
| 12:31 | Build | House |
| 12:33 | Queue | Fishing Ship |
| 12:38 | Build | House |
| 12:39 | Build | House |
| 12:47 | Queue | Villager (Male) |
| 12:54 | Research | Feudal Age |
| 13:10 | Build | Mill |
| 13:42 | Queue | Fishing Ship |
| 13:54 | Build | Mining Camp |
| 14:14 | Build | House |
| 14:35 | Build | Palisade Wall |
| 14:35 | Build | Palisade Wall |
| 14:39 | Build | Palisade Wall |
| 14:45 | Build | Palisade Gate |
| 14:51 | Queue | Villager (Male) |
| 14:51 | Queue | Villager (Male) |
| 15:19 | Age | Feudal Age |
| 15:28 | Build | Market |
| 15:33 | Build | House |
| 15:41 | Build | Blacksmith |
| 15:49 | Research | Double-Bit Axe |
| 16:09 | Queue | Villager (Male) |
| 16:34 | Research | Castle Age |
| 16:34 | Research | Castle Age |
| 16:39 | Research | Tech 906 |
| 16:45 | Queue | Unit 2626 |
| 16:45 | Queue | Unit 2626 |
| 17:14 | Queue | Unit 2626 |
| 17:14 | Queue | Unit 2626 |
| 17:16 | Queue | Villager (Male) |
| 17:21 | Research | Fletching |
| 17:21 | Research | Fletching |
| 17:55 | Build | Barracks |
| 18:10 | Queue | Fishing Ship |
| 18:10 | Queue | Fishing Ship |
| 18:24 | Research | Scale Mail Armor |
| 18:24 | Research | Scale Mail Armor |
| 18:25 | Research | Scale Mail Armor |
| 18:46 | Research | Forging |
| 18:50 | Build | Barracks |
| 19:14 | Age | Castle Age |
| 19:36 | Queue | Villager (Male) |
| 19:42 | Research | Eagle Warrior (upgrade) |
| 19:50 | Queue | Eagle Scout |
| 19:50 | Queue | Eagle Scout |
| 19:50 | Queue | Eagle Scout |
| 19:59 | Queue | Eagle Scout |
| 20:00 | Queue | Eagle Scout |
| 20:00 | Queue | Eagle Scout |
| 20:05 | Queue | Villager (Male) |
| 20:05 | Queue | Villager (Male) |
| 20:07 | Queue | Villager (Male) |
| 20:07 | Queue | Villager (Male) |
| 20:11 | Queue | Fishing Ship |
| 20:11 | Queue | Fishing Ship |
| 20:11 | Queue | Fishing Ship |
| 20:11 | Queue | Fishing Ship |
| 20:24 | Queue | Eagle Scout |
| 20:24 | Queue | Eagle Scout |
| 20:24 | Queue | Eagle Scout |
| 20:24 | Queue | Eagle Scout |
| 20:50 | Queue | Eagle Scout |
| 20:50 | Queue | Eagle Scout |
| 20:55 | Research | Gold Mining |
| 20:55 | Research | Gold Mining |
| 20:58 | Research | Bow Saw |
| 20:59 | Research | Bow Saw |
| 20:59 | Queue | Villager (Male) |
| 21:00 | Queue | Villager (Male) |
| 21:00 | Queue | Villager (Male) |
| 21:23 | Queue | Eagle Scout |
| 21:24 | Queue | Eagle Scout |
| 21:24 | Queue | Eagle Scout |
| 21:24 | Queue | Eagle Scout |
| 21:35 | Queue | Eagle Scout |
| 21:35 | Queue | Eagle Scout |
| 21:36 | Queue | Eagle Scout |
| 21:36 | Queue | Eagle Scout |
| 21:53 | Research | Chain Mail Armor |
| 21:54 | Research | Chain Mail Armor |
| 21:54 | Research | Chain Mail Armor |
| 22:06 | Queue | Eagle Scout |
| 22:07 | Queue | Eagle Scout |
| 22:07 | Queue | Eagle Scout |
| 22:07 | Queue | Eagle Scout |
| 22:07 | Queue | Eagle Scout |
| 22:28 | Queue | Villager (Male) |
| 22:28 | Queue | Villager (Male) |
| 22:28 | Queue | Villager (Male) |
Build order — .Bast
First 150 of 189 actions detected
| 0:14 | Build | House |
| 0:18 | Build | House |
| 0:25 | Build | Dock |
| 2:03 | Build | Town Center |
| 2:20 | Queue | Fishing Ship |
| 3:14 | Queue | Villager (Male) |
| 3:14 | Queue | Villager (Male) |
| 3:15 | Queue | Villager (Male) |
| 3:17 | Queue | Villager (Male) |
| 3:18 | Queue | Villager (Male) |
| 3:40 | Queue | Fishing Ship |
| 3:54 | Queue | Villager (Male) |
| 3:54 | Queue | Villager (Male) |
| 4:16 | Queue | Fishing Ship |
| 4:19 | Build | House |
| 4:54 | Queue | Fishing Ship |
| 5:12 | Queue | Villager (Male) |
| 5:13 | Queue | Villager (Male) |
| 5:33 | Queue | Fishing Ship |
| 5:38 | Build | House |
| 5:41 | Build | House |
| 5:47 | Queue | Villager (Male) |
| 6:24 | Build | Dock |
| 6:28 | Queue | Villager (Male) |
| 6:47 | Queue | Villager (Male) |
| 7:09 | Build | Mining Camp |
| 7:13 | Queue | Villager (Male) |
| 7:34 | Queue | Villager (Male) |
| 7:40 | Queue | Fishing Ship |
| 7:41 | Queue | Fishing Ship |
| 8:25 | Research | Feudal Age |
| 8:40 | Queue | Fishing Ship |
| 8:59 | Build | Barracks |
| 9:32 | Build | House |
| 9:55 | Queue | Villager (Male) |
| 9:55 | Queue | Villager (Male) |
| 10:35 | Age | Feudal Age |
| 10:39 | Build | Archery Range |
| 10:46 | Build | Blacksmith |
| 11:39 | Research | Castle Age |
| 11:45 | Build | Archery Range |
| 11:47 | Queue | Archer |
| 12:06 | Queue | Archer |
| 12:27 | Queue | Archer |
| 12:37 | Queue | Archer |
| 12:38 | Queue | Archer |
| 13:12 | Queue | Villager (Male) |
| 13:22 | Queue | Villager (Male) |
| 13:22 | Queue | Villager (Male) |
| 13:37 | Build | Lumber Camp |
| 13:39 | Queue | Archer |
| 13:39 | Queue | Archer |
| 13:39 | Queue | Archer |
| 14:15 | Queue | Villager (Male) |
| 14:19 | Age | Castle Age |
| 14:29 | Build | House |
| 14:36 | Build | Siege Workshop |
| 14:42 | Queue | Archer |
| 14:42 | Queue | Archer |
| 14:43 | Queue | Villager (Male) |
| 14:46 | Build | House |
| 14:54 | Research | Fletching |
| 15:07 | Queue | Villager (Male) |
| 15:27 | Build | House |
| 15:50 | Research | Bodkin Arrow |
| 16:03 | Queue | Battering Ram |
| 16:17 | Build | Mill |
| 16:21 | Queue | Villager (Male) |
| 16:28 | Queue | Archer |
| 16:28 | Queue | Archer |
| 16:28 | Queue | Archer |
| 16:42 | Queue | Villager (Male) |
| 16:52 | Build | House |
| 16:55 | Build | House |
| 17:23 | Queue | Villager (Male) |
| 17:28 | Queue | Battering Ram |
| 17:47 | Queue | Villager (Male) |
| 18:09 | Queue | Villager (Male) |
| 18:16 | Queue | Archer |
| 18:16 | Queue | Archer |
| 18:24 | Build | Farm |
| 18:33 | Build | Farm |
| 18:36 | Queue | Archer |
| 18:36 | Queue | Archer |
| 18:51 | Queue | Archer |
| 18:51 | Queue | Archer |
| 18:51 | Queue | Villager (Male) |
| 19:04 | Queue | Archer |
| 19:21 | Research | Crossbowman (upgrade) |
| 19:29 | Queue | Archer |
| 19:29 | Queue | Archer |
| 19:42 | Queue | Archer |
| 19:42 | Queue | Archer |
| 19:51 | Build | Farm |
| 19:53 | Build | Farm |
| 19:59 | Queue | Archer |
| 19:59 | Queue | Archer |
| 20:11 | Queue | Villager (Male) |
| 20:20 | Build | Farm |
| 20:23 | Build | Farm |
| 20:35 | Queue | Archer |
| 20:35 | Queue | Archer |
| 20:42 | Research | Padded Archer Armor |
| 21:25 | Queue | Archer |
| 21:26 | Queue | Archer |
| 21:26 | Queue | Archer |
| 21:37 | Queue | Villager (Male) |
| 21:41 | Build | Farm |
| 21:43 | Build | Farm |
| 21:46 | Build | Farm |
| 21:48 | Queue | Villager (Male) |
| 21:51 | Build | House |
| 22:01 | Queue | Villager (Male) |
| 22:08 | Queue | Scorpion |
| 22:31 | Queue | Archer |
| 22:31 | Queue | Villager (Male) |
| 22:35 | Build | Farm |
| 22:39 | Build | Farm |
| 22:59 | Queue | Villager (Male) |
| 23:04 | Build | Mining Camp |
| 23:04 | Queue | Villager (Male) |
| 23:13 | Queue | Archer |
| 23:13 | Queue | Archer |
| 23:14 | Queue | Villager (Male) |
| 24:04 | Queue | Villager (Male) |
| 24:40 | Queue | Archer |
| 24:40 | Queue | Archer |
| 24:43 | Queue | Villager (Male) |
| 24:48 | Build | Farm |
| 24:57 | Queue | Archer |
| 24:57 | Queue | Archer |
| 25:13 | Queue | Villager (Male) |
| 25:17 | Build | House |
| 25:19 | Build | House |
| 25:29 | Queue | Mangonel |
| 25:52 | Queue | Villager (Male) |
| 25:55 | Research | Loom |
| 26:14 | Build | House |
| 26:16 | Queue | Villager (Male) |
| 26:19 | Build | Mining Camp |
| 26:39 | Research | Wheelbarrow |
| 26:39 | Queue | Villager (Male) |
| 26:54 | Queue | Archer |
| 26:54 | Queue | Archer |
| 26:55 | Queue | Villager (Male) |
| 27:01 | Build | House |
| 27:09 | Build | Palisade Wall |
| 27:10 | Queue | Villager (Male) |
| 27:16 | Research | Double-Bit Axe |
| 27:18 | Build | Lumber Camp |
Match timeline
| 0:19 | VN_BILL · first_building Dock |
| 0:21 | Milongo · first_building Dock |
| 0:25 | .Bast · first_building Dock |
| 0:29 | El Wicho · first_building Dock |
| 0:49 | FakerMarTin · wall_segment Palisade Wall x4 |
| 0:51 | Dadagama · first_building Dock |
| 0:55 | 明征北大将军 · first_building Dock |
| 1:29 | 勇敢牛牛 · first_building Dock |
| 2:00 | FakerMarTin · first_building Dock |
| 5:58 | El Wicho · wall_segment Palisade Wall x1 |
| 6:11 | FakerMarTin · wall_segment Palisade Wall x1 |
| 6:25 | FakerMarTin · wall_segment Palisade Wall x1 |
| 6:28 | FakerMarTin · wall_segment Palisade Wall x1 |
| 6:30 | FakerMarTin · wall_segment Palisade Wall x1 |
| 6:42 | FakerMarTin · wall_segment Palisade Wall x1 |
| 6:44 | FakerMarTin · wall_segment Palisade Wall x1 |
| 8:02 | 明征北大将军 · wall_segment Palisade Wall x1 |
| 8:02 | 明征北大将军 · wall_segment Palisade Wall x1 |
| 8:29 | VN_BILL · wall_segment Palisade Wall x4 |
| 8:32 | VN_BILL · wall_segment Palisade Wall x3 |
| 8:59 | .Bast · first_building Barracks |
| 9:28 | Dadagama · first_building Barracks |
| 9:44 | FakerMarTin · wall_segment Palisade Wall x5 |
| 9:46 | FakerMarTin · wall_segment Palisade Wall x8 |
| 9:54 | VN_BILL · wall_segment Palisade Wall x3 |
| 10:00 | VN_BILL · age_up feudal |
| 10:18 | FakerMarTin · wall_segment Palisade Wall x10 |
| 10:21 | FakerMarTin · wall_segment Palisade Wall x1 |
| 10:35 | .Bast · age_up feudal |
| 10:37 | 勇敢牛牛 · age_up feudal |
| 10:39 | .Bast · first_building Archery Range |
| 10:39 | Dadagama · wall_segment Palisade Wall x10 |
| 10:50 | Dadagama · wall_segment Palisade Wall x8 |
| 11:05 | Dadagama · wall_segment Palisade Wall x1 |
| 11:09 | Dadagama · wall_segment Palisade Wall x1 |
| 11:14 | Dadagama · age_up feudal |
| 11:18 | El Wicho · age_up feudal |
| 11:28 | 勇敢牛牛 · first_building Stable |
| 11:29 | Dadagama · wall_segment Palisade Wall x7 |
| 11:40 | Dadagama · wall_segment Palisade Wall x8 |
| 11:44 | VN_BILL · wall_segment Palisade Wall x3 |
| 12:13 | 明征北大将军 · age_up feudal |
| 12:17 | Dadagama · wall_segment Palisade Wall x5 |
| 12:20 | Dadagama · wall_segment Palisade Wall x2 |
| 12:21 | Dadagama · wall_segment Palisade Wall x7 |
| 12:28 | Milongo · age_up feudal |
| 12:42 | Dadagama · wall_segment Palisade Wall x6 |
| 12:45 | Dadagama · wall_segment Palisade Wall x8 |
| 13:18 | Dadagama · wall_segment Palisade Wall x6 |
| 13:22 | VN_BILL · wall_segment Palisade Wall x4 |
| 13:42 | 勇敢牛牛 · age_up castle |
| 13:44 | VN_BILL · wall_segment Stone Wall x8 |
| 13:54 | VN_BILL · wall_segment Stone Wall x7 |
| 14:10 | VN_BILL · wall_segment Stone Wall x8 |
| 14:19 | Dadagama · wall_segment Stone Wall x11 |
| 14:19 | .Bast · age_up castle |
| 14:33 | 明征北大将军 · wall_segment Palisade Wall x1 |
| 14:35 | FakerMarTin · wall_segment Palisade Wall x1 |
| 14:35 | FakerMarTin · wall_segment Palisade Wall x1 |
| 14:36 | .Bast · first_building Siege Workshop |
| 14:39 | FakerMarTin · wall_segment Palisade Wall x1 |
| 15:04 | Dadagama · wall_segment Palisade Wall x7 |
| 15:19 | FakerMarTin · age_up feudal |
| 16:03 | El Wicho · age_up castle |
| 16:06 | VN_BILL · wall_segment Stone Wall x4 |
| 16:10 | Dadagama · first_building Stable |
| 16:37 | 明征北大将军 · wall_segment Palisade Wall x1 |
| 16:38 | 明征北大将军 · wall_segment Palisade Wall x1 |
| 16:41 | 明征北大将军 · wall_segment Palisade Wall x1 |
| 16:44 | 明征北大将军 · wall_segment Palisade Wall x1 |
| 17:17 | Milongo · first_building Barracks |
| 17:26 | VN_BILL · wall_segment Stone Wall x9 |
| 17:27 | Dadagama · age_up castle |
| 17:29 | El Wicho · first_market_buy 100 wood |
| 17:53 | VN_BILL · first_building Barracks |
| 17:55 | FakerMarTin · first_building Barracks |
| 18:33 | VN_BILL · wall_segment Stone Wall x3 |
| 18:35 | El Wicho · first_market_sell 100 food |
| 18:36 | VN_BILL · wall_segment Stone Wall x3 |
| 18:42 | VN_BILL · first_building Archery Range |
| 19:14 | FakerMarTin · age_up castle |
| 20:10 | Milongo · age_up castle |
| 20:28 | Milongo · first_building Monastery |
| 20:41 | Milongo · wall_segment Palisade Wall x1 |
| 20:43 | Milongo · wall_segment Palisade Wall x1 |
| 20:44 | Milongo · wall_segment Palisade Wall x1 |
| 21:35 | 明征北大将军 · age_up castle |
| 21:43 | FakerMarTin · first_market_sell 100 wood |
| 22:35 | VN_BILL · age_up castle |
| 22:58 | El Wicho · age_up imperial |
| 23:07 | El Wicho · first_building Castle |
| 23:22 | Milongo · first_market_buy 100 food |
| 24:19 | 明征北大将军 · wall_segment Stone Wall x1 |
| 24:21 | 明征北大将军 · wall_segment Stone Wall x1 |
| 24:54 | 明征北大将军 · first_building Monastery |
| 25:02 | VN_BILL · wall_segment Stone Wall x2 |
| 25:11 | El Wicho · first_building Barracks |
| 25:47 | Dadagama · first_building Siege Workshop |
| 26:49 | El Wicho · first_building Archery Range |
| 26:51 | Milongo · first_building Siege Workshop |
| 27:09 | .Bast · wall_segment Palisade Wall x1 |
| 28:32 | 明征北大将军 · age_up imperial |
| 28:37 | VN_BILL · first_building Siege Workshop |
| 29:18 | VN_BILL · wall_segment Stone Wall x10 |
| 29:29 | 明征北大将军 · first_building Castle |
| 29:30 | El Wicho · first_building Siege Workshop |
| 29:32 | Dadagama · tribute_sent a jugador 1 |
| 29:32 | Dadagama · tribute_sent a jugador 2 |
| 29:32 | Dadagama · tribute_sent a jugador 3 |
| 29:32 | Dadagama · tribute_sent a jugador 5 |
| 29:32 | Dadagama · tribute_sent a jugador 6 |
| 29:32 | Dadagama · tribute_sent a jugador 7 |
| 29:32 | Dadagama · tribute_sent a jugador 8 |
| 29:33 | Milongo · tribute_sent a jugador 1 |
| 29:33 | Milongo · tribute_sent a jugador 2 |
| 29:33 | Milongo · tribute_sent a jugador 3 |
| 29:33 | Milongo · tribute_sent a jugador 4 |
| 29:33 | Milongo · tribute_sent a jugador 5 |
| 29:33 | Milongo · tribute_sent a jugador 7 |
| 29:33 | Milongo · tribute_sent a jugador 8 |
| 29:37 | VN_BILL · wall_segment Stone Wall x1 |
| 30:02 | Milongo · first_building Castle |
| 32:32 | El Wicho · tribute_sent a jugador 1 |
| 32:32 | El Wicho · tribute_sent a jugador 3 |
| 32:32 | El Wicho · tribute_sent a jugador 4 |
| 32:32 | El Wicho · tribute_sent a jugador 5 |
| 32:32 | El Wicho · tribute_sent a jugador 6 |
| 32:32 | El Wicho · tribute_sent a jugador 7 |
| 32:32 | El Wicho · tribute_sent a jugador 8 |
| 32:52 | .Bast · first_building Castle |
| 32:54 | El Wicho · first_building Stable |
| 33:16 | FakerMarTin · resign |
| 33:18 | 明征北大将军 · first_building Siege Workshop |
| 33:26 | Milongo · tribute_sent a jugador 1 |
| 33:26 | Milongo · tribute_sent a jugador 2 |
| 33:26 | Milongo · tribute_sent a jugador 3 |
| 33:26 | Milongo · tribute_sent a jugador 4 |
| 33:26 | Milongo · tribute_sent a jugador 5 |
| 33:26 | Milongo · tribute_sent a jugador 7 |
| 33:26 | Milongo · tribute_sent a jugador 8 |
[ AI ANALYSIS · 1 CREDIT ]
What really happened in this match?
Wolo.gg analyzes every decision: build order, eco, micro, common mistakes by bracket. Personalized analysis on WhatsApp or Discord in 30 seconds.
Civ guide
Italians
Perfil
Jugador #12089835